Map: Frozen Temple

Players

Pokebunny - Winner!

  • Race: Terran Terran
  • League: Grandmaster

void

  • Race: Zerg Zerg
  • League: Grandmaster

VOD

Have the link to the VOD?

Description

Time

  • Played on: April 6, 2016, 10:17 p.m.
  • Length: 11:21
Show
View Real Time Build Order
Export as new Build Order

Pokebunny Terran - Winner!

Build Orders: Reaper Expand, Bio Tank 

Get SALT Encoding   

  12  0:00  SCV  
  13  0:12  SCV  
  14  0:18  Supply Depot  
  14  0:25  SCV  
  15  0:40  SCV  
  15  0:41  Barracks  
  16  0:44  Refinery  
  16  0:52  SCV  
  17  1:04  SCV  
  18  1:16  SCV  
  19  1:28  Reaper  
  19  1:29  Orbital Command  
  20  1:40  Command Center  
  20  1:51  Supply Depot  
  20  1:54  SCV  
  21  2:01  Barracks Reactor  
  21  2:06  SCV  
  21  2:07  Barracks  
  22  2:18  Barracks  
  22  2:21  SCV  
  23  2:29  Refinery  
  23  2:37  SCV  
  23  2:40  Marine x2  
  26  2:48  Factory  
  26  2:49  SCV  
  27  2:54  Orbital Command  
  27  2:55  Barracks Tech Lab  
  27  3:00  Marine x2  
  27  3:03  SCV  
  30  3:13  Marine  
  30  3:15  Marine, Stimpack  
  30  3:19  SCV  
  33  3:22  Marine x2  
  33  3:25  SCV  
  36  3:34  Starport  
  36  3:35  Factory Reactor  
  36  3:41  Marine x4  
  36  3:45  SCV  
  36  3:46  SCV  
  41  3:52  Supply Depot  
  41  3:57  SCV  
  41  3:58  SCV  
  42  4:04  Marine x3  
  42  4:05  Marine  
  46  4:14  Engineering Bay  
  46  4:18  Medivac x2  
  46  4:22  Supply Depot, SCV  
  46  4:23  SCV  
  52  4:25  Factory Tech Lab  
  52  4:26  Barracks Reactor  
  52  4:30  Marine x2  
  54  4:39  Supply Depot  
  54  4:43  Marine  
  54  4:44  SCV x2  
  54  4:45  Terran Infantry Weapons Level 1  
  57  4:48  Marine x2  
  59  4:56  SCV x2  
  59  4:57  Supply Depot  
  59  4:58  Refinery  
  61  5:03  Siege Tank  
  64  5:11  Barracks  
  64  5:14  Barracks  
  62  5:21  SCV x2  
  62  5:23  Marine  
  62  5:24  Marine x4  
  62  5:25  Combat Shields  
  69  5:41  Marine x3  
  69  5:42  Siege Tank, Marine x2  
  74  5:44  SCV x2  
  75  5:59  Medivac  
  75  6:00  SCV  
  75  6:01  Supply Depot  
  75  6:02  Supply Depot  
  78  6:12  Supply Depot  
  78  6:21  SCV  
  78  6:22  Marine x3, Medivac, SCV  
  84  6:26  Siege Tank, Marine x2  
  84  6:27  Marine x2  
  84  6:31  Supply Depot x2  
  87  6:40  Marine  
  87  6:45  Medivac  
  87  6:51  Marine x6  
  87  6:54  Medivac  
  95  6:55  SCV  
  95  6:56  SCV  
  95  6:58  Marine  
  93  7:09  Marine x3  
  93  7:11  Siege Tank, Marine  
  93  7:12  Marine x2  
  93  7:14  Supply Depot  
  93  7:15  Marine, Supply Depot  
  103  7:23  Medivac  
  103  7:26  Terran Infantry Armor Level 1, Marine  
  103  7:27  Marine x2  
  103  7:29  Marine  
  100  7:44  Marine x4  
  99  7:45  Marine  
  99  7:46  Marine  
  99  7:47  Marine  
  94  7:59  Medivac x2  
  94  8:02  Marine x4  
  97  8:14  SCV  
  97  8:15  SCV  
  102  8:20  Siege Tank  
  102  8:21  Command Center  
  98  8:28  Marine  
  98  8:29  Marine x5  
  104  8:37  Medivac  
  91  8:51  SCV x2  
  93  8:59  Marine x2  
  92  9:08  Marine  
  92  9:09  Marine x4  
  89  9:10  Siege Tank, Medivac  
  89  9:16  Marine  
  95  9:23  Marine  
  92  9:26  Marine x2  
  92  9:27  Marine x3  
  96  9:34  Marine  
  90  9:41  Marine  
  90  9:43  Siege Tank  
  90  9:44  Marine x4  
  90  9:45  Marine  
  96  9:52  Marine  
  93  9:55  Engineering Bay  
  93  9:56  Armory  
  93  9:58  Marine  
  90  10:02  Marine x5  
  90  10:06  Medivac  
  97  10:10  Refinery, Marine  
  97  10:11  Orbital Command  
  98  10:16  Marine  
  98  10:19  Siege Tank  
  98  10:20  Marine x5  
  107  10:23  Supply Depot  
  107  10:27  Refinery  
  107  10:28  Marine  
  108  10:34  Marine  
  103  10:42  Marine  
  103  10:43  Marine x4  
  113  11:03  Marine x3  
Show
View Real Time Build Order
Export as new Build Order

void Zerg 

Build Orders: Hatch First 

Get SALT Encoding   

  12  0:01  Drone  
  13  0:14  Overlord  
  13  0:20  Drone  
  14  0:34  Drone x2  
  16  0:39  Drone  
  17  0:48  Drone  
  18  0:56  Hatchery  
  17  1:01  Drone  
  18  1:07  Extractor  
  18  1:09  Drone  
  18  1:18  Spawning Pool  
  17  1:24  Drone  
  18  1:36  Drone  
  19  1:47  Overlord  
  19  2:06  Zergling x4, Queen  
  23  2:11  Queen  
  23  2:12  Drone x2  
  27  2:19  Drone, Metabolic Boost  
  28  2:29  Spore Crawler  
  27  2:34  Spore Crawler  
  26  2:38  Drone x3, Extractor  
  26  2:43  Drone  
  32  2:54  Queen, Pneumatized Carapace  
  32  2:55  Overlord  
  32  2:57  Drone  
  35  3:13  Drone x4  
  35  3:17  Overlord  
  39  3:23  Overlord  
  39  3:36  Drone x5  
  44  3:44  Drone x2  
  44  3:46  Hatchery  
  45  3:51  Roach Warren  
  44  3:55  Extractor  
  44  3:59  Drone  
  44  4:00  Drone x4  
  46  4:07  Lair  
  46  4:09  Drone x2  
  48  4:11  Overlord  
  48  4:18  Drone  
  48  4:19  Drone x2  
  48  4:22  Overlord  
  48  4:24  Overlord  
  51  4:26  Zergling x2  
  52  4:31  Roach  
  52  4:32  Roach  
  52  4:35  Roach x2  
  60  4:40  Spore Crawler  
  60  4:42  Roach  
  60  4:43  Spore Crawler  
  62  4:45  Roach  
  62  4:51  Roach x2  
  66  4:56  Roach x2  
  66  4:57  Roach  
  72  5:02  Roach x2  
  76  5:07  Overlord  
  76  5:09  Overlord  
  76  5:13  Overlord  
  76  5:17  Glial Reconstitution  
  73  5:25  Extractor  
  73  5:28  Drone x4  
  73  5:29  Drone x3, Overseer  
  73  5:33  Roach x2  
  83  5:37  Roach  
  79  5:44  Extractor, Spore Crawler  
  79  5:45  Roach  
  79  5:46  Overlord  
  79  5:53  Evolution Chamber x2  
  79  5:54  Roach x3  
  79  5:56  Drone x2  
  79  5:57  Drone  
  86  5:59  Drone  
  88  6:04  Zergling x6  
  88  6:08  Zergling x2  
  92  6:13  Zergling x2  
  92  6:14  Queen x2  
  92  6:16  Overlord  
  92  6:18  Ravager x2  
  99  6:20  Overlord  
  99  6:24  Overlord  
  97  6:26  Ravager  
  98  6:33  Overlord  
  98  6:35  Ravager  
  95  6:44  Zergling x16  
  95  6:46  Zergling x2  
  101  6:50  Zerg Missile Weapons Level 1  
  101  6:51  Ravager  
  102  6:55  Zergling x4  
  102  6:56  Zergling x4  
  102  6:57  Zergling x4  
  102  7:01  Roach  
  110  7:06  Roach  
  110  7:08  Zergling x2  
  103  7:10  Zergling x2  
  103  7:11  Queen x3  
  103  7:12  Ravager x2  
  112  7:21  Roach x2  
  112  7:22  Roach  
  118  7:24  Roach x3  
  121  7:31  Roach x3  
  121  7:34  Roach  
  112  7:41  Roach x3  
  107  7:48  Roach x3  
  107  7:49  Roach x2  
  112  7:52  Overlord  
  112  7:54  Zergling x2  
  112  7:55  Overlord  
  112  7:58  Zergling x2  
  113  8:02  Roach  
  113  8:04  Zergling x6  
  113  8:06  Zergling x2  
  113  8:10  Overlord x2  
  113  8:12  Ravager x3  
  113  8:16  Drone  
  115  8:20  Ravager  
  97  8:27  Roach x2  
  97  8:31  Roach  
  97  8:33  Roach x4  
  108  8:35  Roach  
  107  8:42  Roach  
  107  8:43  Zergling x4  
  107  8:44  Roach  
  92  8:49  Roach x2  
  92  8:54  Roach x5  
  104  8:55  Roach  
  104  8:58  Roach  
  92  9:05  Roach  
  92  9:08  Roach  
  73  9:14  Roach  
  75  9:21  Roach  
  75  9:22  Zergling x2  
  72  9:25  Zergling x2  
  72  9:26  Zergling x2  
  74  9:33  Zergling x4  
  74  9:38  Roach  
  70  9:43  Roach  
  66  9:46  Zergling x2  
  66  9:51  Roach  
  65  9:54  Zergling x2  
  65  9:57  Roach  
  57  10:02  Roach  
  57  10:03  Roach  
  52  10:08  Roach  
  52  10:11  Roach  
  56  10:17  Roach  
  56  10:20  Roach  
  59  10:22  Roach  
  59  10:27  Roach  
  59  10:28  Zergling x2  
  53  10:38  Roach x2  
  53  10:40  Roach  
  45  10:48  Zergling x2  
  45  10:49  Zergling x4  
Tags
 
Add a new tag
Caveats
  • Supply blocks, unpowered buildings, or Contaminate may cause inaccurate times.
  • Supply counts are checked every 10 seconds.